Map: Crête de Lerilak

Players

zidar - Winner!

  • Race: Zerg Zerg
  • League: Silver
  • Spawn Location: 7:00

Skogis

  • Race: Zerg Zerg
  • League: Gold
  • Spawn Location: 1:00

VOD

Have the link to the VOD?

Description

Time

  • Played on: Jan. 12, 2016, 2:47 p.m.
  • Length: 9:45
Show
View Real Time Build Order
Export as new Build Order

zidar Zerg - Winner!

Build Orders: Pool First 

Get SALT Encoding   

  12  0:02  Drone  
  13  0:12  Overlord  
  13  0:20  Drone  
  14  0:30  Drone x2  
  14  0:35  Drone  
  17  0:50  Spawning Pool  
  17  0:51  Drone  
  17  1:20  Hatchery  
  16  1:25  Extractor  
  16  1:26  Drone x2  
  17  1:36  Queen  
  19  1:41  Drone x2  
  21  1:56  Drone  
  21  2:00  Roach Warren  
  21  2:03  Drone  
  21  2:25  Zergling x2  
  21  2:28  Overlord  
  22  2:31  Queen  
  24  2:45  Overlord  
  24  2:54  Roach x5  
  34  3:03  Extractor  
  33  3:19  Roach  
  35  3:20  Roach x3  
  41  3:50  Ravager  
  41  3:52  Ravager  
  43  4:08  Extractor  
  42  4:16  Drone x2  
  44  4:18  Overlord  
  44  4:19  Overlord  
  43  4:30  Evolution Chamber, Drone  
  43  4:37  Drone x5  
  48  4:51  Roach x3  
  54  5:23  Zerg Missile Weapons Level 1  
  54  5:33  Drone x5  
  59  5:42  Overlord x3  
  59  5:43  Overlord  
  59  5:45  Lair  
  59  6:12  Roach x5  
  59  6:13  Roach  
  59  6:14  Roach  
  59  6:17  Ravager  
  59  6:18  Ravager  
  75  6:45  Roach x2  
  75  6:46  Roach x5  
  63  7:45  Roach x9  
  63  7:46  Roach x5  
  73  8:15  Roach  
  73  8:16  Roach x6  
  75  8:41  Ravager  
  75  8:42  Ravager x3  
  75  8:43  Ravager x2  
  81  8:57  Spire  
  80  9:08  Roach x2  
  80  9:09  Roach x4  
Show
View Real Time Build Order
Export as new Build Order

Skogis Zerg 

Build Orders: Pool First 

Get SALT Encoding   

  12  0:01  Drone  
  13  0:10  Drone  
  14  0:16  Overlord  
  14  0:35  Spawning Pool  
  13  0:43  Drone  
  13  0:44  Extractor  
  13  0:45  Drone  
  14  1:08  Drone  
  14  1:09  Drone  
  16  1:11  Drone  
  17  1:26  Zergling x2  
  18  1:33  Queen  
  18  1:36  Zergling x2  
  21  2:00  Hatchery  
  20  2:01  Zergling x2  
  20  2:02  Zergling x2  
  22  2:12  Overlord  
  22  2:23  Baneling Nest  
  21  2:30  Zergling x4  
  23  2:38  Zergling x2  
  23  2:44  Zergling x6  
  26  2:47  Metabolic Boost  
  27  2:56  Drone  
  28  3:04  Zergling x2  
  28  3:24  Roach Warren  
  28  3:25  Baneling x3  
  28  3:26  Baneling  
  28  3:27  Baneling  
  27  3:36  Drone  
  27  3:38  Overlord  
  28  3:51  Overlord x2  
  28  3:56  Zergling x2  
  28  3:57  Zergling x2  
  30  4:06  Drone x2  
  32  4:14  Drone x2  
  34  4:21  Zergling x2  
  35  4:33  Lair  
  35  4:39  Zergling x6  
  35  4:41  Baneling  
  35  4:43  Baneling  
  38  4:51  Drone  
  39  4:53  Drone x2  
  41  5:02  Queen  
  44  5:28  Drone x2  
  44  5:29  Drone  
  44  5:31  Drone  
  47  5:38  Extractor  
  47  5:40  Drone  
  47  5:48  Roach x2  
  47  5:49  Overlord x2  
  51  5:53  Drone  
  52  6:10  Glial Reconstitution  
  52  6:11  Evolution Chamber  
  52  6:12  Evolution Chamber  
  52  6:13  Roach x4  
  52  6:14  Roach  
  52  6:16  Drone  
  61  6:20  Drone  
  61  6:24  Drone  
  63  6:27  Drone  
  64  6:47  Ravager x2  
  64  6:49  Roach  
  64  6:50  Overlord x2  
  64  6:51  Overlord  
  68  7:05  Extractor  
  67  7:18  Hatchery  
  67  7:19  Roach x2  
  67  7:20  Roach x3  
  53  7:44  Roach x4  
  53  7:45  Roach x2  
  47  8:05  Roach x4  
  49  8:06  Roach  
  45  8:20  Roach x2  
  45  8:22  Queen  
  45  8:24  Queen  
  53  8:32  Drone  
  54  8:45  Drone x2  
  56  8:49  Roach x3  
  62  8:58  Drone x2  
  62  9:01  Drone x2  
  66  9:12  Drone  
  66  9:15  Ravager x2  
  71  9:23  Ravager  
  52  9:37  Spine Crawler  
Tags
 
Add a new tag
Caveats
  • Supply blocks, unpowered buildings, or Contaminate may cause inaccurate times.
  • Supply counts are checked every 10 seconds.